 Dungeon Crawl Stone Soup version 0.19.5 (webtiles) character file.

88 Gargoyl the Skirmisher (level 4, -9/40 HPs)
             Began as a Ghoul Abyssal Knight on Mar 8, 2017.
             Was a Believer of Lugonu.
             Killed by divine providence
             ... invoked by an orc priest
              (10 damage)
             ... on level 3 of the Dungeon.
             The game lasted 00:04:36 (2170 turns).

Gargoyl the Skirmisher (Ghoul Abyssal Knight)       Turns: 2170, Time: 00:04:36

Health: -9/40      AC: 13    Str: 19 (22) XL:     4   Next: 53%
Magic:  4/4        EV:  7    Int:  4 (7)  God:    Lugonu [**....]
Gold:   165        SH:  0    Dex:  7 (9)  Spells: 0 memorised, 3 levels left

rFire  . . .     SeeInvis .     a - +1 hand axe
rCold  + . .     Gourm    .     o - +1 chain mail
rNeg   + + +     Faith    .     (no shield)
rPois  ∞         Spirit   .     (no helmet)
rElec  .         Reflect  .     (no cloak)
rCorr  .         Harm     .     (no gloves)
MR     .....                    e - +2 pair of boots
Stlth  ..........               (no amulet)
                                (no ring)
                                j - +2 ring of strength

@: mighty, flying, rotting
A: rotting body, claws 1, carnivore 3, cold resistance 1, negative energy
resistance 3, slow regeneration 1, torment resistance, unbreathing
a: Depart the Abyss, Bend Space, Renounce Religion


You were on level 3 of the Dungeon.
You worshipped Lugonu.
Lugonu was pleased with you.
You were not hungry.

You visited 1 branch of the dungeon, and saw 3 of its levels.
You visited the Abyss 1 time.

You collected 165 gold pieces.

Inventory:

Hand Weapons
 a - a +1 hand axe (weapon)
Armour
 e - a +2 pair of boots (worn)
 o - a +1 chain mail (worn)
Jewellery
 j - a +2 ring of strength (left claw)
Scrolls
 f - 2 scrolls of recharging
 p - a scroll of enchant weapon {unknown}
 q - a scroll of remove curse {unknown}
 r - a scroll of amnesia {unknown}
Potions
 d - 3 potions of flight
 l - a potion of degeneration
 m - a potion of invisibility {unknown}
Comestibles
 c - 2 meat rations
 h - 15 chunks of flesh
 k - a slice of pizza


   Skills:
 + Level 3.9 Fighting
 + Level 2.9 Axes
 * Level 2.6 Armour
 + Level 1.0 Dodging
 * Level 2.4 Invocations


You had 3 spell levels left.
You didn't know any spells.

Dungeon Overview and Level Annotations

Branches:
Dungeon (3/15)

Altars:
Okawaru


Innate Abilities, Weirdness & Mutations

Your body is rotting away.
You thrive on raw meat.
You are immune to poison.
You have sharp fingernails.
You are carnivorous and can eat meat at any time.
Your flesh is cold resistant. (rC+)
You are immune to negative energy. (rN+++)
You regenerate slowly when monsters are visible.
You are immune to unholy pain and torment.
You can survive without breathing.


Message History

You feel clumsy. The orc barely misses you.
It was a potion of degeneration.
There was something very wrong with that liquid.
You feel weakened.
You feel dopey.
You feel clumsy. The orc hits you but does no damage.
The orc priest looks satisfied for a moment.
It was a potion of cure mutation.
It has a very clean taste.
The orc hits you but does no damage.
The orc priest calls upon Beogh to heal the orc.
The orc's wounds heal themselves!
It was a potion of might.
You feel very mighty all of a sudden. The orc hits you but does no damage.
It was a potion of berserk rage.
You cannot raise a blood rage in your lifeless body.
The orc closely misses you.
The orc priest calls down the wrath of Beogh upon you.
Beogh smites you!
You die...

......#.....#
##.#..##.##.#
.........##.#
##.##..>.##.#
#.###...##.# #.#
#...##.####.# #.#
#...........# #.#
##..##.############
#.#
#..##.....@oooo...
#..
....###############
....## ..##### .


You could see 2 orc priests and 2 orcs.

Vanquished Creatures
  4 adders
  2 dart slugs (D:1)
  2 leopard geckos
  6 orcs (D:3)
  A ball python (D:2)
  A giant cockroach (D:1)
  4 goblins (D:1)
  6 hobgoblins
  5 bats
  5 frilled lizards
  2 kobolds
  4 rats (D:1)
42 creatures vanquished.

Notes
Turn   | Place    | Note
-------+----------+-------------------------------------------
     0 | Abyss:1  | Gargoyl the Ghoul Abyssal Knight began the quest for the Orb.
     0 | Abyss:1  | Reached XP level 1. HP: 19/19 MP: 1/1
   126 | Abyss:1  | Noticed a ynoxinul
   138 | D:1      | Escaped the Abyss
   468 | D:1      | Reached XP level 2. HP: 25/27 MP: 2/2
   516 | D:1      | Reached * piety under Lugonu
  1347 | D:2      | Reached XP level 3. HP: 33/33 MP: 3/3
  1710 | D:2      | Reached XP level 4. HP: 39/40 MP: 4/4
  1795 | D:2      | Found an iron altar of Okawaru.
  1985 | D:3      | Reached skill level 1 in Dodging
  2072 | D:3      | Reached ** piety under Lugonu
  2164 | D:3      | HP: 1/40 [orc priest/divine providence (14)]
  2170 | D:3      | Killed from afar by an orc priest

Skill      XL: |  1  2  3  4 |
---------------+-------------+-----
Armour         | 2 |  2.6
Axes           | 2 |  2.9
Dodging        | 1 |  1.0
Fighting       | |  3.9
Invocations    | |  2.4

Action                   |  1- 3 |  4- 6 || total
-------------------------+-------+-------++-------
Melee: Hand axe          |    95 |    61 ||   156
Invok: Depart the Abyss  |     1 |       ||     1
  Use: Scroll            |     4 |       ||     4
       Potion            |       |     6 ||     6
  Eat: Chunk             |     6 |     9 ||    15
Armor: Leather armour    |    26 |       ||    26
       Chain mail        |    61 |    44 ||   105
Dodge: Dodged            |    57 |    32 ||    89
